Map: Nightscape LE

Players

qqq

  • Race: Zerg Zerg
  • League: Platinum
  • Spawn Location: 7:00

Massa

  • Race: Terran Terran
  • League: Platinum
  • Spawn Location: 7:00

Ankonia

  • Race: Terran Terran
  • League: Diamond
  • Spawn Location: 1:00

cjk

  • Race: Protoss Protoss
  • League: Platinum
  • Spawn Location: 1:00

VOD

Have the link to the VOD?

Description

Time

  • Played on: Dec. 4, 2020, 3:30 p.m.
  • Length: 19:08
Show
View Real Time Build Order
Export as new Build Order

qqq Zerg 

Build Orders: Hatch First 

Get SALT Encoding   

  12  0:01  Drone  
  13  0:08  Drone  
  14  0:41  Overlord  
  14  0:45  Hatchery  
  14  0:48  Drone  
  14  1:06  Spawning Pool  
  14  1:09  Drone  
  14  1:18  Drone  
  15  1:20  Extractor  
  15  1:22  Drone  
  15  1:25  Drone  
  16  1:38  Drone  
  17  1:47  Drone  
  18  1:55  Drone  
  18  1:56  Queen  
  18  1:58  Drone  
  22  2:09  Queen  
  22  2:12  Drone  
  24  2:17  Drone  
  24  2:21  Metabolic Boost  
  25  2:28  Overlord  
  25  2:32  Drone  
  25  2:36  Zergling x2  
  27  2:39  Drone  
  27  2:43  Overlord  
  28  2:51  Drone x2  
  30  2:54  Zergling x2  
  30  2:57  Zergling x2  
  32  3:04  Lair  
  32  3:06  Zergling x2  
  32  3:09  Zergling x2  
  34  3:13  Zergling x4  
  34  3:16  Zergling x2  
  37  3:25  Overlord  
  37  3:39  Extractor  
  36  3:41  Hatchery  
  35  3:55  Drone  
  35  3:56  Drone x2  
  35  3:58  Extractor  
  34  4:21  Zergling x6  
  34  4:22  Zergling x8  
  34  4:23  Drone x3  
  40  4:27  Spire  
  38  4:33  Drone  
  38  4:35  Drone x2  
  41  4:41  Drone  
  42  4:54  Drone  
  42  4:55  Drone x2  
  45  5:01  Spore Crawler  
  45  5:02  Spore Crawler  
  45  5:03  Drone x3  
  46  5:08  Drone  
  46  5:09  Drone x2  
  49  5:23  Overlord  
  49  5:25  Drone  
  49  5:41  Queen, Corruptor x2  
  49  5:42  Corruptor  
  55  5:45  Corruptor  
  57  5:53  Drone x2  
  58  6:03  Overlord x2  
  58  6:11  Zerg Flyer Weapons Level 1  
  58  6:12  Infestation Pit  
  58  6:14  Drone  
  58  6:16  Overlord  
  58  6:22  Mutalisk x2  
  58  6:23  Mutalisk  
  58  6:25  Corruptor  
  66  6:27  Drone  
  66  6:31  Drone x2  
  69  6:34  Extractor  
  69  6:35  Drone x2  
  69  6:39  Mutalisk  
  72  6:47  Drone x2  
  72  6:50  Mutalisk  
  72  6:52  Drone  
  72  6:53  Drone  
  78  6:56  Extractor  
  78  6:59  Overlord x2  
  77  7:02  Corruptor  
  77  7:03  Drone  
  77  7:05  Drone  
  81  7:10  Drone  
  81  7:12  Overlord  
  81  7:13  Overlord  
  82  7:20  Hive  
  82  7:21  Drone  
  83  7:23  Drone  
  83  7:24  Drone  
  83  7:25  Drone  
  86  7:31  Drone x3  
  86  7:36  Drone  
  91  7:37  Drone, Hydralisk Den  
  91  7:38  Drone  
  91  7:39  Drone  
  92  7:50  Drone x2  
  94  7:55  Corruptor  
  94  7:57  Corruptor  
  98  7:59  Hatchery  
  98  8:00  Overlord  
  98  8:04  Corruptor  
  99  8:08  Corruptor  
  101  8:12  Corruptor  
  101  8:14  Drone  
  104  8:24  Spore Crawler  
  84  9:01  Corruptor x3  
  90  9:07  Mutalisk  
  92  9:21  Drone  
  92  9:22  Drone x6  
  99  9:28  Hatchery  
  99  9:30  Spore Crawler  
  97  9:32  Extractor, Spore Crawler  
  97  9:34  Drone  
  97  9:36  Viper x3  
  105  9:47  Greater Spire  
  105  10:04  Baneling Nest  
  105  10:06  Drone  
  106  10:07  Drone x2  
  107  10:17  Zergling x12  
  107  10:18  Drone  
  107  10:19  Queen  
  116  10:41  Spore Crawler  
  115  10:45  Mutalisk x3, Corruptor x2  
  115  10:46  Mutalisk  
  115  10:48  Centrifical Hooks  
  115  10:49  Zergling x2  
  128  10:51  Baneling x10  
  128  10:52  Baneling x2  
  128  10:59  Overlord x5  
  128  11:03  Zerg Flyer Weapons Level 2  
  128  11:16  Queen x2  
  132  11:22  Muscular Augments  
  132  11:27  Ultralisk Cavern  
  132  11:30  Zergling x10  
  132  11:31  Zergling x4, Overlord x4  
  138  11:34  Drone x3  
  141  11:52  Queen  
  143  11:58  Mutalisk x3  
  143  11:59  Hatchery, Mutalisk x2  
  152  12:07  Drone x2  
  154  12:11  Zergling x4, Spore Crawler  
  154  12:12  Zergling x12, Spore Crawler  
  154  12:15  Baneling x10  
  160  12:16  Baneling x3  
  160  12:21  Drone x2  
  160  12:22  Zergling x6, Evolution Chamber x2  
  163  12:33  Grooved Spines  
  95  13:35  Corruptor x3  
  95  13:39  Ultralisk x3  
  95  13:40  Zergling x2, Ultralisk x2  
  95  13:41  Zergling x26  
  126  13:42  Drone x3  
  126  13:47  Zergling x2  
  127  13:51  Ultralisk  
  112  14:07  Baneling x3  
  112  14:08  Baneling  
  112  14:09  Zergling x2  
  102  14:10  Zergling x10  
  102  14:11  Anabolic Synthesis  
  105  14:19  Zergling x2  
  105  14:20  Drone  
  105  14:21  Drone x2  
  105  14:23  Drone x3  
  94  14:33  Zergling x6  
  94  14:34  Zergling x8  
  94  14:36  Baneling x4  
  91  14:43  Ultralisk  
  91  14:44  Zergling x4  
  83  14:52  Corruptor x2  
  86  15:02  Drone x3  
  89  15:11  Mutalisk, Corruptor  
  89  15:14  Drone x2  
  95  15:16  Hatchery, Extractor  
  95  15:17  Extractor  
  95  15:20  Extractor  
  91  15:22  Extractor  
  90  15:30  Hatchery  
  90  15:32  Corruptor x2  
  90  15:34  Drone x3  
  90  15:35  Drone  
  97  15:49  Viper  
  97  15:51  Drone x4  
  97  15:53  Zergling x6  
  107  15:58  Queen  
  109  16:11  Viper  
  109  16:13  Zergling x8  
  109  16:14  Drone, Zergling x8  
  109  16:15  Drone x3  
  109  16:16  Baneling x3  
  109  16:17  Baneling x2  
  124  16:23  Overlord x3  
  124  16:28  Drone x2  
  114  16:47  Baneling  
  114  16:48  Baneling x10  
  114  16:49  Corruptor  
  108  16:57  Drone x7  
  108  16:58  Drone x2  
  117  17:17  Extractor, Viper  
  117  17:18  Corruptor x2  
  114  17:37  Zergling x2  
  114  17:38  Zergling x28  
  114  17:40  Drone x2  
  114  17:41  Drone  
  122  18:03  Corruptor x5  
  122  18:04  Corruptor  
  132  18:08  Drone x2  
  134  18:15  Hatchery  
  104  18:35  Corruptor x6  
Show
View Real Time Build Order
Export as new Build Order

Massa Terran 

Build Orders: 2 Factory 

Get SALT Encoding   

  12  0:00  SCV  
  13  0:12  SCV  
  14  0:18  Supply Depot  
  14  0:24  SCV  
  15  0:36  Refinery  
  15  0:43  Barracks  
  15  0:45  SCV  
  16  0:58  SCV  
  17  1:10  SCV  
  18  1:22  SCV  
  19  1:38  SCV  
  20  1:46  Supply Depot  
  20  1:47  Reaper  
  20  1:50  Command Center  
  21  1:59  Orbital Command  
  21  2:19  Factory, Marine  
  22  2:25  SCV  
  22  2:26  Refinery  
  23  2:45  Barracks Tech Lab  
  23  2:57  SCV, Factory  
  24  3:09  SCV  
  24  3:12  Widow Mine  
  27  3:14  Barracks Reactor  
  27  3:19  Orbital Command  
  27  3:21  SCV  
  28  3:33  SCV  
  29  3:37  Armory  
  29  3:40  Engineering Bay  
  29  3:45  SCV  
  30  3:53  Widow Mine  
  32  4:00  SCV x2  
  32  4:02  Barracks Tech Lab  
  34  4:04  Widow Mine x2  
  38  4:12  SCV x2  
  38  4:14  Widow Mine  
  42  4:21  Marauder  
  42  4:23  Stimpack  
  44  4:26  Widow Mine, Missile Turret  
  44  4:30  Missile Turret  
  46  4:36  SCV  
  46  4:57  Supply Depot  
  46  4:58  Supply Depot  
  46  4:59  SCV  
  46  5:00  Refinery  
  46  5:01  Refinery  
  46  5:05  Widow Mine  
  46  5:11  Widow Mine  
  46  5:14  Widow Mine, SCV  
  43  5:18  Marauder  
  43  5:20  Supply Depot x2  
  47  5:22  Missile Turret  
  47  5:26  SCV  
  47  5:27  Widow Mine  
  48  5:32  Widow Mine  
  50  5:36  Widow Mine, Starport  
  50  5:38  Barracks  
  50  5:39  Barracks  
  52  6:00  Drilling Claws  
  52  6:01  SCV x2  
  54  6:04  Command Center  
  54  6:07  Combat Shield  
  54  6:10  Marine  
  55  6:13  SCV  
  56  6:28  Barracks Reactor x2, Starport Reactor, Marine  
  56  6:30  SCV x2  
  59  6:34  Terran Infantry Weapons Level 1  
  59  6:42  SCV x2  
  59  6:46  Marine  
  60  7:04  Marine  
  61  7:18  Marine x4  
  61  7:21  Siege Tank  
  61  7:22  Marauder  
  72  7:23  Widow Mine x2  
  72  7:26  Concussive Shells  
  72  7:29  Engineering Bay  
  74  7:33  SCV x2  
  74  7:36  Marine x3  
  79  7:43  Marauder  
  83  7:44  Widow Mine x2  
  83  7:45  SCV x2  
  83  7:49  Marine  
  88  7:53  Marine, Siege Tank  
  88  7:55  Supply Depot  
  88  7:57  SCV  
  88  7:58  Supply Depot  
  93  8:01  Terran Infantry Armor Level 1  
  93  8:07  Orbital Command  
  93  8:17  Widow Mine x2, SCV x2, Marauder  
  101  8:25  Siege Tank  
  102  8:29  SCV x2  
  95  9:05  Marauder, Marine x2  
  95  9:06  Marine x2  
  96  9:16  Siege Tank  
  96  9:17  Widow Mine x2  
  102  9:23  Marine x2  
  102  9:24  Marine x2  
  105  9:27  Barracks, Marauder  
  105  9:30  Barracks, Missile Turret  
  105  9:31  Missile Turret  
  108  9:34  Missile Turret x2  
  108  9:35  Missile Turret  
  108  9:41  Marine  
  109  9:48  Supply Depot x2  
  109  9:49  Terran Infantry Weapons Level 2  
  109  9:50  Supply Depot  
  109  9:51  Terran Vehicle And Ship Armor Level 1  
  109  9:52  Supply Depot  
  109  10:00  Widow Mine  
  109  10:09  Marine, Siege Tank  
  109  10:10  Marauder  
  109  10:11  Supply Depot  
  109  10:12  Supply Depot  
  109  10:13  Supply Depot  
  103  10:16  Supply Depot  
  103  10:18  Barracks, Marine x3  
  106  10:22  Barracks Tech Lab x2  
  106  10:27  Marine  
  107  10:31  Barracks, Marauder  
  109  10:37  Supply Depot  
  109  10:38  Terran Infantry Armor Level 2, Command Center  
  109  10:39  Barracks  
  99  10:51  Marauder x2, Marine  
  99  10:52  Marauder, Marine x3  
  99  10:56  Siege Tank  
  112  10:58  Widow Mine x2  
  112  11:01  Medivac x2  
  118  11:09  Marine x2  
  118  11:10  Marine  
  121  11:11  Sensor Tower  
  121  11:12  Marauder  
  121  11:13  Marauder  
  121  11:14  Marauder  
  127  11:19  Widow Mine x2  
  131  11:28  Siege Tank  
  131  11:31  Viking x2  
  138  11:34  Marauder x2  
  140  11:46  Terran Vehicle Weapons Level 1  
  140  12:04  Medivac x2  
  144  12:10  SCV x3  
  144  12:15  Terran Infantry Weapons Level 3  
  147  12:17  Command Center  
  147  12:18  Marauder x3, Marine x3  
  147  12:19  Marine  
  147  12:22  SCV x3  
  160  12:25  Armory  
  160  12:26  Fusion Core  
  160  12:31  Starport  
  160  12:34  SCV x2  
  158  12:39  Marauder x3  
  162  12:58  Missile Turret  
  157  13:00  Marauder  
  157  13:03  Missile Turret  
  159  13:20  Missile Turret  
  159  13:25  Missile Turret  
  158  13:38  Marauder, Marine  
  158  13:39  Marine x5  
  167  13:41  Liberator  
  167  13:43  Starport Tech Lab  
  167  13:47  Liberator  
  155  13:56  Marine x3  
  155  13:57  Marine  
  155  13:59  Marauder  
  143  14:14  Marine x2  
  135  14:17  Planetary Fortress  
  130  14:25  Barracks x2  
  130  14:26  Barracks  
  130  14:27  Barracks x2  
  130  14:28  Barracks  
  84  14:53  Viking x2  
  88  15:13  SCV  
  88  15:14  SCV  
  90  15:25  SCV  
  90  15:26  Barracks Reactor, SCV  
  90  15:27  Barracks Tech Lab  
  92  15:37  SCV  
  92  15:38  SCV  
  92  15:42  Starport Reactor x2  
  94  15:49  SCV x2  
  96  15:50  SCV  
  97  16:01  Refinery, SCV  
  97  16:02  SCV x2  
  97  16:03  Refinery  
  100  16:07  Marauder  
  100  16:10  Command Center  
  100  16:11  Barracks Reactor  
  102  16:13  Barracks Tech Lab  
  102  16:14  Barracks Tech Lab  
  102  16:15  Barracks Reactor  
  102  16:20  Barracks Reactor  
  102  16:22  Viking x3  
  108  16:28  Marauder  
  108  16:31  Barracks Tech Lab  
  110  16:50  Marauder  
  112  17:03  Refinery  
  112  17:25  SCV  
  112  17:26  SCV x2  
  112  17:28  Refinery  
  112  17:29  Refinery  
  116  17:34  Orbital Command  
  107  18:02  Command Center  
  107  18:08  Viking x2  
  107  18:09  Viking x2  
  109  18:32  Factory  
  108  18:34  Factory  
  108  18:35  Factory x2  
  108  18:38  Marine x2  
  110  18:44  Command Center  
Show
View Real Time Build Order
Export as new Build Order

Ankonia Terran 

Build Orders: Reaper Expand 

Get SALT Encoding   

  12  0:00  SCV  
  13  0:12  SCV  
  14  0:17  Supply Depot  
  14  0:24  SCV  
  15  0:39  SCV  
  15  0:40  Barracks  
  16  0:45  Refinery  
  16  0:52  SCV  
  17  1:04  SCV  
  18  1:17  SCV  
  19  1:32  Reaper  
  20  1:33  Orbital Command  
  20  1:45  Command Center  
  20  2:00  Supply Depot  
  20  2:05  Barracks Reactor  
  20  2:08  SCV  
  20  2:21  Barracks  
  20  2:23  SCV  
  20  2:25  Barracks  
  21  2:35  SCV  
  22  2:37  Refinery  
  22  2:47  SCV  
  22  2:50  Marine  
  24  2:51  Marine  
  25  2:59  SCV  
  27  3:05  Orbital Command  
  26  3:08  Marine  
  26  3:09  Marine  
  26  3:11  SCV  
  29  3:22  Barracks Tech Lab  
  29  3:23  Barracks Tech Lab, SCV  
  30  3:27  Factory  
  30  3:32  SCV  
  31  3:36  SCV, Marine  
  31  3:37  Marine  
  34  3:44  SCV  
  34  3:48  SCV  
  35  3:49  Marine x2  
  35  3:51  Stimpack, Combat Shield  
  37  3:56  Marine  
  37  3:57  SCV, Marine  
  37  4:00  SCV  
  41  4:09  SCV  
  42  4:12  SCV  
  42  4:18  Marine x3  
  42  4:19  Marine  
  42  4:24  SCV x2  
  38  4:36  Factory Reactor, SCV x2, Marine x4, Starport  
  44  4:47  Refinery  
  44  4:48  SCV x2  
  44  4:52  Command Center  
  46  5:25  Supply Depot  
  46  5:27  Supply Depot  
  46  5:28  Engineering Bay x2  
  46  5:47  SCV x2, Marine x4  
  52  5:59  SCV x2  
  54  6:05  Marine x4  
  58  6:13  SCV x2  
  58  6:18  Medivac x2  
  62  6:22  Marine x4  
  62  6:24  Barracks x2, Terran Infantry Weapons Level 1  
  62  6:25  SCV x2  
  70  6:30  Terran Infantry Armor Level 1, Supply Depot  
  70  6:31  Supply Depot  
  70  6:35  Refinery  
  70  6:36  Refinery  
  70  6:37  SCV x3  
  73  6:40  Marine x4  
  73  6:43  Refinery  
  77  6:51  SCV x3, Medivac x2  
  84  6:58  Marine x4  
  88  7:03  SCV x2  
  88  7:04  Orbital Command  
  90  7:09  Missile Turret  
  90  7:13  Factory Tech Lab, Supply Depot x2  
  90  7:14  Missile Turret  
  90  7:16  Marine x3  
  90  7:20  Marine  
  90  7:21  SCV, Armory  
  95  7:23  Barracks Reactor  
  95  7:29  Barracks Reactor  
  95  7:41  Supply Depot  
  95  7:43  Supply Depot  
  95  7:44  Siege Tank  
  95  7:45  Marine x4  
  95  7:51  Supply Depot  
  102  7:52  SCV x2  
  102  7:56  Missile Turret  
  104  8:02  SCV, Marine  
  104  8:03  Marine x4  
  104  8:04  SCV  
  111  8:06  Marine x3  
  114  8:17  Siege Tank  
  117  8:20  Marine  
  117  8:21  Marine x4  
  117  8:24  Marine  
  117  8:25  Marine  
  117  8:26  Marine  
  125  8:35  Command Center  
  124  8:45  Marine x2  
  124  8:46  Marine x6  
  128  8:49  Siege Tank  
  112  9:03  Marine x3  
  112  9:04  Marine x4  
  113  9:15  Marine  
  79  9:17  Medivac x2  
  114  9:20  Terran Infantry Armor Level 2, Terran Infantry Weapons Level 2, Supply Depot  
  114  9:21  Marine x2, Siege Tank  
  114  9:22  Supply Depot  
  123  9:26  Supply Depot  
  123  9:28  SCV x2  
  123  9:29  Marine x2  
  127  9:47  Medivac x2  
  125  9:53  Siege Tank  
  125  9:55  Command Center  
  125  9:56  Marine  
  128  10:02  Marine x5  
  128  10:03  Marine x2  
  135  10:14  Marine  
  117  10:17  Medivac  
  117  10:19  Medivac  
  117  10:20  Marine x4  
  126  10:25  Marine, Siege Tank  
  130  10:32  Marine x3  
  133  10:37  Marine  
  133  10:38  Marine  
  135  10:47  Medivac  
  135  10:48  Medivac  
  139  10:53  Marine  
  139  10:54  Marine x5  
  139  10:55  Marine x2  
  147  10:58  Siege Tank  
  150  11:11  Marine x2  
  150  11:12  Marine x3  
  150  11:16  Medivac  
  157  11:18  Medivac  
  157  11:19  Missile Turret  
  158  11:30  Widow Mine, SCV x2, Marine x5  
  167  11:33  Marine x3  
  167  11:39  Missile Turret  
  170  11:43  SCV x3  
  170  11:45  Planetary Fortress  
  170  11:46  Medivac  
  175  11:48  Marine x2, Medivac  
  175  11:51  Widow Mine  
  175  11:53  Marine  
  175  11:54  Marine x2  
  183  11:55  SCV x3  
  183  12:01  Sensor Tower, Marine  
  187  12:06  Command Center  
  187  12:07  SCV, Marine x2  
  187  12:08  SCV x2  
  193  12:11  Terran Infantry Weapons Level 3  
  193  12:12  Terran Infantry Armor Level 3  
  193  12:13  Terran Vehicle Weapons Level 1  
  193  12:19  SCV  
  193  12:20  SCV  
  193  12:21  Supply Depot  
  195  12:27  Refinery  
  195  12:29  Factory  
  195  12:36  Refinery  
  195  12:42  SCV x3, Marine x2, Siege Tank  
  198  12:54  SCV  
  198  12:57  Marine x4  
  198  12:58  Marine x2  
  199  13:00  Marine x2  
  198  13:15  Marine x2  
  200  13:24  Marine  
  187  13:38  Marine x3  
  187  13:39  Marine x4  
  191  13:42  Marine  
  182  13:56  Marine x6  
  182  13:57  Marine  
  182  14:00  Marine  
  182  14:13  Marine  
  182  14:14  Marine x6  
  187  14:17  Marine  
  174  14:31  Marine  
  174  14:32  Marine x6  
  174  14:34  Factory Tech Lab, Command Center  
  174  14:35  Marine  
  174  14:37  Command Center x2  
  148  14:49  Marine  
  148  14:50  Marine x6  
  155  14:53  Marine  
  147  15:07  Marine x3  
  147  15:08  Marine x4  
  147  15:11  Marine  
  147  15:13  Siege Tank  
  158  15:15  Siege Tank  
  158  15:17  Medivac x2  
  165  15:25  Marine x5  
  165  15:26  Marauder x2  
  174  15:43  Marine x2  
  174  15:44  Sensor Tower  
  174  15:45  Siege Tank  
  174  15:47  Medivac x2  
  174  15:48  Siege Tank  
  186  15:55  Barracks  
  186  15:56  Barracks  
  186  15:57  Barracks  
  186  15:58  Barracks  
  186  16:01  Barracks  
  186  16:04  Orbital Command, Planetary Fortress  
  186  16:10  Missile Turret  
  186  16:12  Neosteel Armor  
  186  16:13  Hi-Sec Auto Tracking, Missile Turret  
  186  16:17  Medivac, Siege Tank  
  191  16:20  Siege Tank  
  194  16:26  Marine x3  
  193  16:49  Siege Tank  
  193  16:52  Siege Tank  
  193  16:53  Marine x2  
  199  16:55  Planetary Fortress  
  199  16:57  Refinery x2  
  179  17:11  Planetary Fortress  
  179  17:12  SCV  
  179  17:13  Marine  
  179  17:14  Marine x7  
  188  17:21  Siege Tank  
  191  17:24  Siege Tank  
  194  17:31  Marine  
  194  17:32  Marine x3  
  164  17:54  Marine, Siege Tank  
  164  17:55  Marine x5  
  164  17:56  Siege Tank  
  156  18:00  Refinery x2  
  156  18:08  Sensor Tower  
  156  18:26  Siege Tank  
  158  18:28  Siege Tank  
  158  18:33  Marine x3  
  158  18:34  Marine x3  
  151  18:38  Missile Turret x2  
  151  18:41  Missile Turret  
  150  18:44  Missile Turret  
  150  18:49  Command Center  
  146  18:57  Barracks Reactor x4  
  146  18:58  Barracks Tech Lab  
Show
View Real Time Build Order
Export as new Build Order

cjk Protoss 

Build Orders: Phoenix Opening, Carriers, Mass Phoenix 

Get SALT Encoding   

  12  0:00  Probe  
  13  0:14  Probe  
  13  0:18  Pylon  
  14  0:28  Probe  
  15  0:38  Gateway  
  15  0:40  Probe (Chrono Boost)  
  16  0:49  Assimilator  
  17  0:50  Probe (Chrono Boost)  
  17  0:55  Probe (Chrono Boost)  
  18  1:06  Probe, Pylon  
  19  1:19  Probe  
  20  1:26  Cybernetics Core  
  20  1:31  Probe  
  21  1:34  Assimilator  
  21  1:50  Probe  
  22  1:59  Nexus  
  22  2:03  Warp Gate  
  22  2:16  Stargate  
  22  2:22  Probe  
  23  2:38  Probe  
  24  2:50  Probe  
  25  2:56  Pylon  
  25  3:01  Phoenix  
  27  3:07  Probe  
  28  3:18  Stargate  
  28  3:19  Probe (Chrono Boost)  
  29  3:26  Probe (Chrono Boost), Phoenix  
  32  3:31  Probe (Chrono Boost)  
  33  3:37  Probe (Chrono Boost)  
  33  3:38  Probe (Chrono Boost)  
  35  3:50  Probe x2  
  35  3:51  Zealot, Phoenix, Shield Battery  
  41  4:01  Phoenix  
  41  4:02  Probe  
  44  4:04  Pylon  
  42  4:17  Shield Battery  
  42  4:19  Zealot  
  45  4:31  Probe x2  
  46  4:38  Assimilator  
  46  4:42  Assimilator  
  46  4:43  Probe x2  
  48  4:46  Gateway  
  48  4:48  Pylon  
  48  4:50  Phoenix x2  
  52  4:55  Probe x2  
  48  5:19  Phoenix x2  
  52  5:33  Probe x2  
  52  5:35  Zealot  
  54  5:45  Probe x2  
  56  5:56  Phoenix x2  
  60  6:06  Zealot x2  
  64  6:21  Oracle  
  67  6:26  Probe x2  
  69  6:37  Forge  
  69  6:38  Probe  
  69  6:39  Nexus  
  70  6:40  Pylon  
  70  6:42  Pylon, Fleet Beacon  
  70  6:53  Protoss Air Weapons Level 1 (Chrono Boost)  
  70  7:07  Shield Battery  
  70  7:17  Probe x2  
  70  7:21  Photon Cannon  
  72  7:26  Pylon  
  72  7:29  Probe, Photon Cannon x2  
  73  7:33  Photon Cannon  
  73  7:37  Pylon  
  73  7:40  Zealot x2  
  77  7:46  Photon Cannon  
  77  7:49  Probe x2  
  79  7:54  Carrier x2  
  79  7:57  Protoss Shields Level 1 (Chrono Boost)  
  91  8:01  Probe x2  
  93  8:57  Carrier x2 (Chrono Boost)  
  103  9:09  Stalker x2  
  104  9:10  Protoss Air Weapons Level 2 (Chrono Boost)  
  104  9:19  Twilight Council  
  104  9:24  Assimilator  
  104  9:28  Assimilator  
  102  9:39  Stargate  
  102  9:43  Stargate  
  102  9:50  Stalker x2  
  106  9:56  Carrier (Chrono Boost)  
  112  10:13  Probe x3  
  115  10:25  Probe x2  
  117  10:37  Templar Archives  
  117  10:40  Probe  
  117  10:44  Pylon  
  117  10:45  Pylon  
  117  10:46  Pylon  
  117  10:48  Pylon  
  117  10:58  Robotics Facility  
  117  11:00  Carrier (Chrono Boost)  
  117  11:02  Carrier (Chrono Boost)  
  117  11:03  Psionic Storm  
  129  11:09  Carrier (Chrono Boost)  
  141  11:11  Nexus  
  141  11:12  Carrier (Chrono Boost)  
  141  11:17  Zealot x2  
  141  11:18  Protoss Shields Level 2 (Chrono Boost)  
  145  11:19  Charge  
  145  11:32  Pylon  
  145  11:35  Pylon  
  145  11:37  Pylon  
  145  11:47  Pylon  
  145  11:48  Pylon  
  145  11:50  Pylon  
  145  11:52  Pylon  
  145  11:55  Pylon  
  145  11:57  Carrier, Pylon  
  145  11:59  Carrier  
  157  12:04  Protoss Air Weapons Level 3 (Chrono Boost)  
  157  12:05  Photon Cannon  
  157  12:08  Photon Cannon  
  157  12:10  Photon Cannon  
  157  12:15  Photon Cannon  
  157  12:18  Photon Cannon, Carrier x2  
  157  12:21  Photon Cannon  
  169  12:23  Pylon  
  169  12:30  Probe x4  
  173  12:42  Probe x4  
  177  12:54  Probe, High Templar x2  
  178  13:08  Carrier (Chrono Boost)  
  178  13:09  Carrier (Chrono Boost)  
  168  13:22  Carrier (Chrono Boost)  
  156  13:32  Archon  
  117  13:46  Carrier (Chrono Boost)  
  113  13:52  High Templar x2  
  117  14:08  Carrier x2  
  129  14:11  Assimilator  
  129  14:15  Assimilator  
  129  14:22  Gateway  
  129  14:23  Gateway  
  129  14:25  Gateway, High Templar x2  
  133  14:34  Robotics Facility  
  133  14:36  Robotics Facility  
  133  14:38  Pylon  
  133  14:42  Nexus  
  133  14:47  Carrier (Chrono Boost)  
  139  14:58  Carrier (Chrono Boost)  
  145  15:10  Carrier (Chrono Boost)  
  151  15:22  Probe (Chrono Boost)  
  151  15:23  Probe (Chrono Boost)  
  151  15:24  Probe (Chrono Boost)  
  154  15:35  Probe (Chrono Boost)  
  157  15:39  High Templar  
  157  15:40  High Templar  
  157  15:41  Probe x2 (Chrono Boost)  
  162  15:42  Probe (Chrono Boost)  
  162  15:44  Archon  
  162  15:55  Observer  
  162  15:56  Observer  
  164  16:04  Assimilator  
  164  16:15  Protoss Shields Level 3 (Chrono Boost)  
  164  16:19  Pylon, Nexus  
  164  16:28  Protoss Air Armor Level 1  
  164  16:42  Robotics Bay  
  170  16:54  Carrier  
  170  17:12  Probe x4  
  174  17:17  Photon Cannon  
  174  17:19  Photon Cannon  
  174  17:21  Photon Cannon  
  174  17:22  High Templar x2  
  178  17:23  Pylon  
  178  17:24  Probe  
  178  17:25  High Templar  
  178  17:26  Pylon  
  178  17:27  High Templar  
  178  17:28  Archon  
  183  17:31  Archon  
  183  17:42  Probe x4  
  183  17:43  Probe  
  188  17:46  Assimilator  
  188  17:50  Assimilator, Immortal  
  192  17:54  Probe x3  
  192  17:55  Probe x2  
  197  18:06  Probe  
Tags
 
Add a new tag
Caveats
  • Supply blocks, unpowered buildings, or Contaminate may cause inaccurate times.
  • Supply counts are checked every 10 seconds.